Map: Orbital Shipyard

Players

Tausken - Winner!

  • Race: Terran Terran
  • League: Master

MorN

  • Race: Terran Terran
  • League: Master

VOD

Have the link to the VOD?

Description

Time

  • Played on: Nov. 21, 2015, 7:59 p.m.
  • Length: 9:58
Show
View Real Time Build Order
Export as new Build Order

Tausken Terran - Winner!

Build Orders: 1/1/1, Cyclone Opening 

Get SALT Encoding   

  12  0:01  SCV  
  13  0:14  SCV  
  14  0:19  Supply Depot  
  14  0:26  SCV  
  15  0:34  Refinery  
  15  0:40  SCV  
  16  0:46  Barracks  
  16  0:53  SCV  
  17  1:05  SCV  
  18  1:19  SCV  
  18  1:22  Refinery  
  19  1:34  Marine  
  19  1:35  Orbital Command  
  19  1:36  Factory  
  20  1:45  Supply Depot  
  20  1:51  Marine  
  21  2:01  SCV  
  22  2:09  Marine  
  23  2:16  SCV  
  23  2:21  Factory Tech Lab  
  24  2:23  Starport  
  24  2:27  Marine  
  24  2:28  Supply Depot  
  24  2:29  SCV  
  26  2:41  Cyclone  
  29  2:44  SCV  
  29  2:45  Marine  
  31  2:56  SCV  
  32  3:03  Marine  
  32  3:04  Medivac  
  35  3:09  SCV  
  36  3:17  Command Center  
  37  3:29  Siege Tank  
  37  3:32  Supply Depot  
  39  3:39  Barracks Reactor  
  39  3:53  Viking  
  39  3:54  SCV, Supply Depot  
  42  4:06  SCV  
  43  4:18  SCV  
  43  4:23  Marine x2  
  44  4:29  Siege Tank  
  44  4:30  SCV  
  48  4:31  Orbital Command  
  48  4:33  Barracks  
  48  4:36  Medivac  
  50  4:42  SCV  
  50  4:44  Marine x2  
  53  4:52  Refinery  
  53  4:54  SCV  
  54  5:02  Siege Tank  
  54  5:03  Marine  
  58  5:08  SCV x2  
  60  5:17  Supply Depot  
  60  5:24  Barracks Tech Lab, Engineering Bay  
  56  5:41  SCV x2  
  57  5:52  Missile Turret  
  55  5:58  SCV  
  55  6:03  Missile Turret  
  56  6:08  Siege Tank  
  56  6:10  SCV  
  60  6:14  Terran Infantry Weapons Level 1  
  60  6:16  SCV  
  61  6:22  Marine x3  
  64  6:28  SCV  
  64  6:29  SCV  
  66  6:33  Medivac  
  68  6:40  SCV  
  68  6:41  SCV  
  68  6:42  Marine x3  
  68  6:46  Siege Tank  
  76  6:52  SCV  
  76  6:53  SCV  
  78  7:05  Supply Depot  
  78  7:08  Supply Depot  
  78  7:27  SCV x2, Marine x3  
  83  7:39  SCV x2  
  85  7:45  Starport Reactor, Siege Tank, Marine x3  
  85  7:50  Barracks x2  
  91  7:51  SCV x2  
  93  8:03  Marine  
  94  8:09  Supply Depot  
  94  8:10  Supply Depot x2  
  94  8:12  Supply Depot x2  
  94  8:14  SCV, Marine  
  94  8:19  SCV  
  94  8:20  Marine  
  94  8:22  Refinery, Siege Tank  
  85  8:27  SCV  
  85  8:28  Marine  
  85  8:31  SCV  
  85  8:32  Marine  
  84  8:38  Marine x2  
  84  8:39  SCV  
  87  8:42  Marine  
  87  8:43  Medivac  
  87  8:44  SCV  
  89  8:56  Marine x2  
  89  8:57  Marine x2  
  89  8:59  Medivac  
  95  9:03  Barracks Tech Lab  
  90  9:14  Marine  
  90  9:15  SCV x2  
  88  9:20  Command Center  
  89  9:31  SCV x2  
  89  9:34  Marine x2  
  89  9:36  Marine x2  
  87  9:39  Marine  
  87  9:43  SCV x2  
Show
View Real Time Build Order
Export as new Build Order

MorN Terran 

Build Orders: 1/1/1 

Get SALT Encoding   

  12  0:00  SCV  
  13  0:13  SCV  
  14  0:19  Supply Depot  
  14  0:25  SCV  
  15  0:30  Refinery  
  15  0:43  Barracks  
  15  0:47  SCV  
  16  0:59  SCV  
  16  1:02  Refinery  
  17  1:12  SCV  
  18  1:24  SCV  
  19  1:32  Reaper  
  20  1:38  Factory  
  20  1:45  Orbital Command  
  20  1:55  Supply Depot  
  20  2:07  Reaper  
  21  2:11  SCV  
  21  2:23  SCV, Starport  
  22  2:30  Hellion  
  24  2:39  Reaper  
  24  2:43  SCV  
  26  2:52  Supply Depot  
  26  2:55  Hellion  
  28  3:06  Medivac  
  28  3:11  Armory  
  30  3:15  Armory  
  30  3:25  Hellion  
  31  3:30  Barracks Tech Lab  
  31  3:35  SCV  
  32  3:48  Engineering Bay  
  32  3:49  Hellion  
  34  4:03  Banshee, Cloaking Field  
  34  4:05  SCV  
  34  4:27  SCV  
  34  4:29  Command Center  
  29  4:36  Factory Tech Lab, Barracks Reactor  
  29  4:39  SCV  
  30  4:46  Viking  
  30  4:51  SCV  
  33  4:54  Terran Infantry Weapons Level 1  
  33  4:56  Missile Turret  
  33  5:01  Cyclone  
  36  5:08  SCV  
  37  5:18  Supply Depot  
  37  5:23  Marine x2  
  39  5:39  SCV  
  40  5:42  Marine  
  40  5:43  Marine  
  42  5:53  SCV  
  42  5:56  Orbital Command  
  43  5:58  Command Center  
  43  6:07  SCV  
  43  6:09  Marine x2  
  43  6:19  SCV  
  43  6:23  Barracks  
  43  6:25  Starport Reactor  
  44  6:26  SCV  
  44  6:27  Barracks  
  44  6:31  SCV  
  44  6:40  SCV  
  44  6:43  Bunker  
  44  6:46  Stimpack  
  45  6:48  Marine  
  45  6:50  Siege Tank  
  45  6:54  SCV x2  
  50  6:55  Refinery  
  51  7:06  SCV  
  51  7:07  SCV  
  53  7:11  Starport Reactor  
  53  7:12  Orbital Command  
  53  7:18  SCV  
  53  7:26  Marine x2  
  53  7:27  Marine x3  
  48  7:34  Orbital Command  
  39  7:44  Marine x3  
  39  7:45  Marine x2  
  39  7:50  Viking x2  
  43  7:57  Orbital Command  
  40  8:02  Marine  
  40  8:03  Marauder, Marine x2  
  37  8:15  Marine  
  37  8:19  SCV  
  39  8:20  Marine  
  39  8:26  Medivac x2  
  41  8:29  SCV  
  42  8:46  Marine x3  
  43  8:49  Marine x2  
  46  8:55  SCV  
  31  9:14  Marine x3  
  31  9:15  Marine, Marauder  
  31  9:32  Marine  
  30  9:40  Marine x2  
Tags
 
Add a new tag
Caveats
  • Supply blocks, unpowered buildings, or Contaminate may cause inaccurate times.
  • Supply counts are checked every 10 seconds.